 Dungeon Crawl Stone Soup version 0.27.1 (webtiles) character file.

Game seed: 15156505723504410928

12955 Tinkle the Cleaver (level 11, -19/111 HPs)
             Began as a Minotaur Berserker on Aug 28, 2021.
             Was a High Priest of Trog.
             Demolished by an entropy weaver simulacrum (28 damage)
             ... in an ice cave.
             The game lasted 00:58:51 (15826 turns).

Tinkle the Cleaver (Minotaur Berserker)            Turns: 15826, Time: 00:58:52

Health: -19/111    AC: 25    Str: 26    XL:     11   Next: 69%
Magic:  10/10      EV:  9    Int:  4    God:    Trog [*****.]
Gold:   544        SH: 19    Dex: 11    Spells: 10/10 levels left

rFire    . . .     SeeInvis .   I - +2 broad axe (flame)
rCold    . . .     Faith    .   z - +2 kite shield
rNeg     . . .     Spirit   .   h - +9 plate armour of Misanthropy {Str+4}
rPois    .         Reflect  +   i - +2 hat
rElec    .         Harm     .   (no cloak)
rCorr    .         Rampage  .   (no gloves)
Will     +....                  (no boots)
Stlth    ..........             q - amulet of reflection
HPRegen  0.28/turn              x - ring of willpower
MPRegen  0.12/turn              C - ring of flight

@: on berserk cooldown, flying, slowed, very slow
A: horns 2, retaliatory headbutt, robust 1, weak 1
a: Renounce Religion, Berserk, Trog's Hand, Brothers in Arms


You were in an ice cave.
You worshipped Trog.
Trog was extremely pleased with you.
You visited 2 branches of the dungeon, and saw 10 of its levels.
You also visited: Ossuary and Ice Cave.

You collected 544 gold pieces.

Inventory:

Hand Weapons
 j - a +2 war axe of electrocution
 t - a +4 hand axe
 E - a +4 antimagic short sword
 I - a +2 broad axe of flaming (weapon)
Missiles
 a - 43 poisoned darts (quivered)
 J - 6 boomerangs of dispersal
Armour
 h - the +9 plate armour of Misanthropy (worn) {Str+4}
   (You acquired it on level 4 of the Dungeon)

   Str:       It affects your strength (+4).
 i - a +2 hat (worn)
 z - a +2 kite shield (worn)
Jewellery
 g - an amulet of guardian spirit
 q - an amulet of reflection (around neck)
 x - a ring of willpower (left hand)
 C - a ring of flight (right hand)
Wands
 l - a wand of acid (17)
 s - a wand of charming (10)
 v - a wand of iceblast (12)
 B - a wand of polymorph (8)
 D - a wand of digging (7)
 H - a wand of paralysis (13)
Scrolls
 c - 2 scrolls of fog
 m - 2 scrolls of blinking
 w - 5 scrolls of teleportation
 y - a scroll of noise {unknown}
 A - 3 scrolls of fear
 G - a scroll of enchant armour
Potions
 b - a potion of attraction
 d - 9 potions of curing
 e - a potion of mutation
 f - 3 potions of flight
 k - a potion of invisibility
 n - 3 potions of haste
 o - a potion of berserk rage
 p - a potion of cancellation {unknown}
 r - a potion of degeneration
 u - a potion of heal wounds
 F - 2 potions of might


   Skills:
 + Level 10.4 Fighting
 + Level 10.5 Axes
 + Level 10.0 Armour
 + Level 9.3 Dodging
 + Level 9.2 Shields
 - Level 5.0 Evocations


You had 10 spell levels left.
You didn't know any spells.
Your spell library was empty.

Dungeon Overview and Level Annotations

Branches:
Dungeon (9/15)             Temple (0/1) D:5            Lair (1/6) D:9
Ossuary (visited)           IceCv (1/1)
    Orc: D:9-12

Altars:
Elyvilon
Nemelex Xobeh
Okawaru
Qazlal
Ru
Beogh


Innate Abilities, Weirdness & Mutations

You have a pair of horns on your head.
You reflexively headbutt those who attack you in melee.
You are robust. (+10% HP)
You are weak. (Str -2)


Message History

You slash the entropy weaver simulacrum!
You melt the entropy weaver simulacrum.
You headbutt the entropy weaver simulacrum, but do no damage.
The entropy weaver simulacrum is severely damaged.
The entropy weaver simulacrum hits you.
The entropy weaver simulacrum freezes you!
* * * LOW HITPOINT WARNING * * *
You block the entropy weaver simulacrum's attack. x2
The entropy weaver simulacrum hits you but does no damage.
You block the entropy weaver simulacrum's attack.
The entropy weaver simulacrum hits you but does no damage.
The entropy weaver simulacrum barely misses you.
The entropy weaver simulacrum completely misses you.
Huge Dmg: -16%(-18hp) hp: 27%(29hp)
You feel much better.
The entropy weaver simulacrum hits you but does no damage.
You block the entropy weaver simulacrum's attack. x3
You hit the entropy weaver simulacrum.
You melt the entropy weaver simulacrum.
The entropy weaver simulacrum is almost destroyed.
You block the entropy weaver simulacrum's attack.
The entropy weaver simulacrum hits you!
The entropy weaver simulacrum freezes you!
* * * LOW HITPOINT WARNING * * *
You block the entropy weaver simulacrum's attack. x4
The entropy weaver simulacrum hits you.
* * * LOW HITPOINT WARNING * * *
The entropy weaver simulacrum freezes you!
* * * LOW HITPOINT WARNING * * *
The entropy weaver simulacrum barely misses you.
Huge Dmg: -36%(-40hp) hp: 14%(15hp)
You feel much better.
You block the entropy weaver simulacrum's attack. x2
The entropy weaver simulacrum hits you but does no damage.
The entropy weaver simulacrum hits you.
The entropy weaver simulacrum freezes you!!
* * * LOW HITPOINT WARNING * * *
The entropy weaver simulacrum hits you!
* * * LOW HITPOINT WARNING * * *
The entropy weaver simulacrum freezes you!!
You die...

####
##...####
........##
.........##
..........##
[..8.....@.#
.(......Z..#
©[$....∩.∩.#
./.........#
!..8.......#
..........##
.........##
........##
##...####


You could see an entropy weaver simulacrum.

Vanquished Creatures
  3 two-headed ogres
  7 death yaks
  A deep elf pyromancer (D:8)
  A black mamba (Lair:1)
  A komodo dragon (Lair:1)
  Prince Ribbit (D:7)
  A hornet (D:9)
  The ghost of shadowrider38 the Skirmisher, an amateur OgAM (D:3)
  A shadow (D:9)
  5 yaks (D:9)
  Menkaure (Ossuary)
  2 water moccasins
  A black bear (D:6)
  6 orc warriors
  4 sky beasts
  A hornet zombie (D:8)
  2 ogres
  4 centaurs
  2 phantoms
  3 kobold brigands
  4 bullfrogs
  2 scorpions
  A water moccasin zombie (D:7)
  A water moccasin skeleton (D:5)
  An elephant simulacrum (IceCv)
  3 wights (D:7)
  A howler monkey (D:7)
  A centaur zombie (D:9)
  4 hounds
  A bullfrog skeleton (D:5)
  A gnoll shaman (D:8)
  7 orc priests
  A centaur skeleton (D:7)
  An iguana (D:5)
  12 orc wizards
  3 mummies (Ossuary)
  2 howler monkey zombies (D:8)
  3 gnolls (D:8)
  9 adders
  A shadow imp (D:5)
  A white imp (D:8)
  4 worms
  3 dart slugs
  32 orcs
  5 endoplasms
  A giant cockroach (D:2)
  4 goblins
  11 hobgoblins
  3 jackals (D:2)
  26 kobolds
  4 quokkas
  7 ball pythons
  8 bats
  A frilled lizard (D:1)
  5 gnoll skeletons (Ossuary)
  7 gnoll zombies (Ossuary)
  A goblin skeleton (Ossuary)
  4 goblin zombies (Ossuary)
  5 hobgoblin skeletons (Ossuary)
  4 hobgoblin zombies (Ossuary)
  7 kobold skeletons (Ossuary)
  2 kobold zombies (Ossuary)
  2 orc skeletons (Ossuary)
  3 orc zombies (Ossuary)
  A quokka zombie (D:8)
  5 rats
  5 rat skeletons (Ossuary)
  6 rat zombies
274 creatures vanquished.

Vanquished Creatures (collateral kills)
  An ugly thing (IceCv)
  An elephant simulacrum (IceCv)
2 creatures vanquished.

Vanquished Creatures (others)
  2 kobolds (D:3)
  7 fungi
  2 plants (D:3)
11 creatures vanquished.

Grand Total: 287 creatures vanquished

Notes
Turn   | Place    | Note
-------+----------+-------------------------------------------
     0 | D:1      | Tinkle the Minotaur Berserker began the quest for the Orb.
     0 | D:1      | Reached XP level 1. HP: 19/19 MP: 0/0
    72 | D:1      | Huge Dmg: 5 dmg
   193 | D:1      | Huge Dmg: 5 dmg
   196 | D:1      | Huge Dmg: 4 dmg
   493 | D:1      | Reached XP level 2. HP: 22/27 MP: 1/1
  1334 | D:2      | Found a faded altar of an unknown god.
  1365 | D:2      | Found a stormy altar of Qazlal.
  1445 | D:2      | Reached XP level 3. HP: 33/33 MP: 2/2
  1703 | D:2      | Reached ** piety under Trog
  1760 | D:2      | Huge Dmg: 9 dmg
  2844 | D:2      | Reached XP level 4. HP: 40/41 MP: 3/3
  2856 | D:2      | Huge Dmg: 17 dmg
  3108 | D:3      | You fall into a shaft and drop 1 floor!
  3139 | D:4      | Reached skill level 1 in Evocations
  3166 | D:4      | Noticed a centaur
  3178 | D:4      | Killed a centaur
  3179 | D:4      | Reached skill level 1 in Shields
  3179 | D:4      | Reached XP level 5. HP: 40/47 MP: 4/4
  3449 | D:3      | Found a runed translucent gate.
  3449 | D:3      | Found a runed translucent gate.
  3449 | D:3      | Found a runed translucent gate.
  3468 | D:3      | Noticed shadowrider38's ghost (amateur OgAM)
  3471 | D:3      | Noticed a sky beast
  3485 | D:3      | Killed a sky beast
  3486 | D:3      | Reached skill level 5 in Axes
  3486 | D:3      | Reached XP level 6. HP: 55/55 MP: 5/5
  3560 | D:3      | Reached skill level 5 in Fighting
  4168 | D:4      | Huge Dmg: 15 dmg
  4332 | D:4      | Reached XP level 7. HP: 58/61 MP: 6/6
  5017 | D:5      | Entered Level 5 of the Dungeon
  5037 | D:5      | Reached *** piety under Trog
  5138 | D:5      | Reached skill level 5 in Armour
  5392 | D:5      | Found a white marble altar of Elyvilon.
  5422 | D:5      | Found a staircase to the Ecumenical Temple.
  5485 | D:5      | Reached XP level 8. HP: 70/70 MP: 7/7
  5715 | D:5      | Huge Dmg: 16 dmg
  5719 | D:5      | Huge Dmg: 13 dmg
  6067 | D:5      | Found a sacrificial altar of Ru.
  6298 | D:6      | Reached skill level 5 in Dodging
  6426 | D:6      | Noticed a two-headed ogre
  6455 | D:6      | Killed a two-headed ogre
  6460 | D:6      | Huge Dmg: 34 dmg
  6745 | D:6      | Reached XP level 9. HP: 67/79 MP: 8/8
  6992 | D:6      | Reached skill level 5 in Shields
  7742 | D:7      | Noticed Prince Ribbit
  7747 | D:7      | Killed Prince Ribbit
  7752 | D:7      | Huge Dmg: 39 dmg
  8342 | D:8      | Found an iron altar of Okawaru.
  8440 | D:8      | Noticed a two-headed ogre
  8440 | D:8      | Noticed a deep elf pyromancer
  8478 | D:8      | Killed a two-headed ogre
  8479 | D:8      | Reached skill level 5 in Evocations
  8483 | D:8      | Huge Dmg: 28 dmg
  8580 | D:8      | Reached **** piety under Trog
  8608 | D:8      | Found a sand-covered staircase.
  8616 | Ossuary  | Entered an ossuary
  8892 | Ossuary  | Noticed Menkaure
  8897 | Ossuary  | Killed Menkaure
  8898 | Ossuary  | Reached XP level 10. HP: 83/88 MP: 9/9
  9173 | D:8      | Reached ***** piety under Trog
  9395 | D:8      | Killed a deep elf pyromancer
  9413 | D:8      | Noticed a two-headed ogre
  9424 | D:8      | Killed a two-headed ogre
  9433 | D:8      | Huge Dmg: 38 dmg
  9689 | D:8      | Found a runed translucent door.
 10002 | D:8      | Huge Dmg: 38 dmg
 10005 | D:8      | Huge Dmg: 15 dmg
 10027 | D:8      | Received a gift from Trog
 10103 | D:8      | Huge Dmg: 11 dmg
 10479 | D:3      | Huge Dmg: 27 dmg
 10485 | D:3      | Huge Dmg: 20 dmg
 10487 | D:3      | Huge Dmg: 27 dmg
 10491 | D:3      | Huge Dmg: 24 dmg
 10717 | D:3      | Killed shadowrider38's ghost
 10724 | D:3      | Huge Dmg: 41 dmg
 10823 | D:4      | Huge Dmg: 44 dmg
 10823 | D:4      | Identified a scroll of acquirement
 10823 | D:4      | Acquired the +9 plate armour of Misanthropy {Str+4}
 11003 | D:4      | Huge Dmg: 45 dmg
 11344 | D:4      | Gained mutation: You are weak. (Str -2) [potion of
                  | mutation]
 11344 | D:4      | Gained mutation: You are robust. (+10% HP) [potion of
                  | mutation]
 12482 | D:9      | Noticed a death yak
 12483 | D:9      | Noticed a death yak
 12488 | D:9      | Noticed a death yak
 12489 | D:9      | Noticed a death yak
 12489 | D:9      | Noticed a death yak
 12491 | D:9      | Noticed a death yak
 12492 | D:9      | Noticed a death yak
 12503 | D:8      | Killed a death yak
 12504 | D:8      | Killed a death yak
 12507 | D:8      | Huge Dmg: 39 dmg
 13074 | D:8      | Huge Dmg: 30 dmg
 13079 | D:8      | Huge Dmg: 23 dmg
 13080 | D:8      | Killed a death yak
 13081 | D:8      | Reached XP level 11. HP: 34/106 MP: 10/10
 13081 | D:8      | Huge Dmg: 20 dmg
 13081 | D:8      | Killed a death yak
 13082 | D:8      | Killed a death yak
 13082 | D:8      | Killed a death yak
 13086 | D:8      | Huge Dmg: 11 dmg
 13681 | D:9      | Killed a death yak
 13682 | D:9      | Reached skill level 10 in Fighting
 13682 | D:9      | Reached skill level 10 in Axes
 13886 | D:9      | Found a staircase to the Lair.
 15319 | D:9      | Found a sparkling altar of Nemelex Xobeh.
 15500 | Lair:1   | Entered Level 1 of the Lair of Beasts
 15599 | Lair:1   | Identified the +1 robe "Aleemaess" {Str+5}
 15718 | Lair:1   | Found a frozen archway.
 15802 | IceCv    | Entered an ice cave
 15802 | IceCv    | Noticed a white ugly thing
 15808 | IceCv    | Huge Dmg: 37 dmg
 15809 | IceCv    | Killed a white ugly thing
 15810 | IceCv    | Reached skill level 10 in Armour
 15815 | IceCv    | Huge Dmg: 37 dmg
 15822 | IceCv    | Huge Dmg: 30 dmg
 15823 | IceCv    | Huge Dmg: 18 dmg
 15825 | IceCv    | Huge Dmg: 40 dmg
 15826 | IceCv    | Demolished by an entropy weaver simulacrum

Illustrated notes

Levels and vault maps discovered:
D:1:      scummos_arrival_simple_fountains, layout_basic
D:2:      layout_loops_cross, chequers_ecumenical_altar_island, basic_altar,
          kennysheep_small_spiral, minmay_distorted
D:3:      layout_basic, gammafunk_ghost_nasty_kobolds,
          hangedman_abyss_or_decor_lesser_grid
D:4:      layout_basic
D:5:      layout_loops_ring, elyvilon_altar_3, nicolae_ru_path_of_blood,
          minmay_temple_entry_ruins, minmay_misc_feat_x
D:6:      layout_basic
D:7:      layout_rooms, uniq_prince_ribbit1
D:8:      old_forge, layout_rooms, okawaru_metal_pillars_1_2, enter_ossuary_4,
          lightli_church_of_beogh
D:9:      layout_stronghold, nemelex_diamond_rough_becter, dpeg_lair_monsters
Lair:1:   layout_hall_layers, portal_ice_cave_entry_pillars_1,
          gammafunk_ghost_berserking_beasts, serial_bayou_shore_a, uniq_fannar
IceCv:    ice_cave_statue_garden_transporter

Skill      XL: |  1  2  3  4  5  6  7  8  9 10 11 |
---------------+----------------------------------+-----
Fighting       | 4 5 7 8 9 10 | 10.4
Axes           | 4 5 6 7 8 9 10 | 10.5
Armour         | 3 4 5 6 7 9 10 | 10.0
Dodging        | 3 4 5 6 8 9 |  9.3
Evocations     | 1 2 3 5 |  5.0
Shields        | 1 2 3 4 6 8 9 |  9.2

Action                   |  1- 3 |  4- 6 |  7- 9 | 10-12 || total
-------------------------+-------+-------+-------+-------++-------
Melee: Hand axe          |    51 |    26 |   316 |   154 ||   547
       Headbutt          |    14 |    16 |    75 |    60 ||   165
       War axe           |    46 |    53 |       |       ||    99
       Broad axe         |       |       |       |   108 ||   108
Throw: Dart              |       |       |    11 |     4 ||    15
Invok: Berserk           |       |     1 |     3 |     6 ||    10
Evoke: Wand              |       |       |     2 |     3 ||     5
  Use: Scroll            |       |       |    13 |     5 ||    18
       Potion            |       |       |       |    10 ||    10
Armor: Animal skin       |    17 |       |       |       ||    17
       Plate armour      |    40 |    59 |    88 |    77 ||   264
Dodge: Dodged            |    59 |    33 |    30 |    49 ||   171
Block: Buckler           |       |    18 |    20 |       ||    38
       Kite shield       |       |       |   160 |   266 ||   426
       Reflection        |       |       |     7 |    11 ||    18
